 Dungeon Sprint DCSS version 0.26-b1-45-g23770d1d51 (webtiles) character file.

Game seed: 11067190325454033202

13 MordorOrchid the Shooter (level 2, -8/25 HPs)
             Began as a Palentonga Arcane Marksman on Jan 6, 2021.
             Was an Initiate of Okawaru.
             Mangled by a two-headed ogre
             ... wielding a +0 giant club
              (12 damage)
             ... in the Dungeon (Sprint IX: "|||||||||||||||||||||||||||||").
             The game lasted 00:02:33 (227 turns).

MordorOrchid the Shooter (PaAM)                      Turns: 227, Time: 00:02:35

Health: -8/25      AC: 10    Str: 13    XL:     2   Next: 24%
Magic:  3/3        EV:  6    Int: 16    God:    Okawaru [......]
Gold:   0          SH:  0    Dex: 10    Spells: 2/3 levels left

rFire    . . .     SeeInvis +   y - +2 rapier (venom)
rCold    . . .     Faith    .   (no shield)
rNeg     . . .     Spirit   .   s - +1 chain mail
rPois    .         Reflect  .   r - +0 helmet
rElec    .         Harm     .   (no cloak)
rCorr    .         Rampage  .   q - +0 pair of gloves
Will     .....     NoTele   +   (no barding)
Stlth    ..........             (no amulet)
HPRegen  0.08/turn              t - +2 ring of evasion
MPRegen  0.08/turn              u - +3 ring of intelligence

@: very slightly contaminated, invisible
A: large, rugged brown scales 3, see invisible, deformed body, roll 1, armoured
tail
a: Rolling Charge, Renounce Religion


You were in the Dungeon.
You worshipped Okawaru.
Okawaru was noncommittal.
You visited 1 branch

Inventory:

Hand Weapons
 a - a +0 shortbow
 m - a +2 dire flail of protection
 n - the +2 halberd "Lealuefre" {vamp, Str+5}
   (You found it in the Dungeon)

   It inflicts no extra harm, but heals its wielder when it wounds a living foe.
   It affects your strength (+5).
 p - a +2 scimitar of flaming
 y - a +2 rapier of venom (weapon)
Missiles
 d - 18 arrows
Armour
 k - a +0 robe
 q - a +0 pair of gloves (worn)
 r - a +0 helmet (worn)
 s - a +1 chain mail (worn)
Jewellery
 t - a +2 ring of evasion (left hand)
 u - a +3 ring of intelligence (right hand)
Wands
 l - a wand of iceblast (10)
Scrolls
 c - 3 scrolls of remove curse
 g - 2 scrolls of amnesia
 j - 2 scrolls of blinking
Potions
 e - 5 potions of curing
 f - 3 potions of heal wounds
 h - 4 potions of magic
 i - a potion of berserk rage


   Skills:
 - Level 2.1 Fighting
 - Level 3.3 Bows
 - Level 2.4 Dodging
 - Level 1.0 Spellcasting
 - Level 3.0 Hexes


You had 2 spell levels left.
You knew the following spells:

 Your Spells              Type           Power        Failure   Level
a - Corona                Hex            11%          94%         1

Your spell library contained the following spells:

 Spells                   Type           Power        Failure   Level
 Slow                     Hex            10%          98%         2
 Inner Flame              Hex/Fire       5%           100%        3
 Portal Projectile        Hex/Tloc       10%          100%        3
 Cause Fear               Hex            5%           100%        4
 Leda's Liquefaction      Hex/Erth       2%           100%        4


Dungeon Overview and Level Annotations

Branches:
Dungeon (1/1)

Altars:
Cheibriados
Dithmenos
Elyvilon
Fedhas
Gozag
Hepliaklqana
Kikubaaqudgha
Makhleb
Nemelex Xobeh
Okawaru
Qazlal
Ru
Sif Muna
Trog
Uskayaw
Vehumet
Wu Jian
Xom
Yredelemnul
Zin
The Shining One
Beogh
Jiyva
Lugonu


Innate Abilities, Weirdness & Mutations

You are completely covered in rugged brown scales. (AC +3, +7% HP)
You have supernaturally acute eyesight. (SInv)
Armour fits poorly on your strangely shaped body.
You can roll at nearby foes to attack.
You have a long armoured tail.


Message History

You fade into invisibility!
You are very lightly contaminated with residual magic.
You open the door.
An adder, a bullfrog, a hornet, a two-headed ogre, a wight and a skeleton come into view.
The hornet buzzes angrily.
The bullfrog gives a loud, deep croak!
The bullfrog hits you.
You catch the helpless bullfrog completely off-guard!
You puncture the bullfrog!
The bullfrog is heavily wounded.
The adder hisses angrily.
The hornet buzzes angrily.
The bullfrog gives a loud, deep croak!
The bullfrog barely misses you.
You hit the two-headed ogre.
The two-headed ogre is poisoned.
The two-headed ogre is lightly wounded.
The hornet buzzes angrily.
The two-headed ogre hits you with a +0 giant club!!
Ouch! That really hurt!
* * * LOW HITPOINT WARNING * * *
The two-headed ogre hits you with a +0 giant club!
You die... ▓▓▓▓▓▓▓▓▓▓▓▓▓▓▓▓▓▓▓▓▓▓▓▓ Z.SyzFO@.....)..'_______ ▓▓▓▓▓▓▓▓▓▓▓▓▓▓▓▓▓▓▓▓▓▓▓▓

You could see a two-headed ogre (very poisoned), a hornet (wandering), a bullfrog, a wight, an adder (wandering) and a bat skeleton (wandering).

Vanquished Creatures
  An adder skeleton (D)
  A bat skeleton (D)
  A goblin (D)
  2 hobgoblins (D)
  A quokka (D)
  A bat (D)
  A frilled lizard (D)
  A giant cockroach zombie (D)
  A jackal zombie (D)
10 creatures vanquished.

Notes
Turn   | Place    | Note
-------+----------+-------------------------------------------
     0 | D        | MordorOrchid the Palentonga Arcane Marksman began the quest
                  | for the Orb.
     0 | D        | Reached XP level 1. HP: 17/17 MP: 2/2
   132 | D        | Reached XP level 2. HP: 24/25 MP: 3/3
   154 | D        | Found a roughly hewn altar of Beogh.
   154 | D        | Found a snail-covered altar of Cheibriados.
   154 | D        | Found a shadowy altar of Dithmenos.
   154 | D        | Found a white marble altar of Elyvilon.
   154 | D        | Found a blossoming altar of Fedhas.
   154 | D        | Found an opulent altar of Gozag.
   155 | D        | Found a hazy altar of Hepliaklqana.
   156 | D        | Found a viscous altar of Jiyva.
   157 | D        | Found an ancient bone altar of Kikubaaqudgha.
   158 | D        | Found a corrupted altar of Lugonu.
   159 | D        | Found a burning altar of Makhleb.
   160 | D        | Found a sparkling altar of Nemelex Xobeh.
   161 | D        | Found an iron altar of Okawaru.
   162 | D        | Found a stormy altar of Qazlal.
   163 | D        | Found a sacrificial altar of Ru.
   164 | D        | Found a shimmering blue altar of Sif Muna.
   165 | D        | Found a bloodstained altar of Trog.
   166 | D        | Found a hide-covered altar of Uskayaw.
   167 | D        | Found a radiant altar of Vehumet.
   168 | D        | Found an ornate altar of the Wu Jian Council.
   169 | D        | Became a worshipper of Warmaster Okawaru
   170 | D        | Found a shimmering altar of Xom.
   171 | D        | Found a basalt altar of Yredelemnul.
   172 | D        | Found a glowing silver altar of Zin.
   173 | D        | Found a glowing golden altar of the Shining One.
   189 | D        | Got the +2 halberd "Lealuefre" {vamp, Str+5}
   225 | D        | Noticed a hornet
   225 | D        | Noticed a wight
   225 | D        | Noticed a two-headed ogre
   225 | D        | Noticed a bullfrog
   227 | D        | Mangled by a two-headed ogre

Illustrated notes

Levels and vault maps discovered:
D:        linesprint [early_d, line_temple, items_1, d_10, items_2, lair_1,
          lair_end, items_3, orc_1, orc_end, items_4, d_15, swamp_1, shoals_1,
          snake_1, spider_1, d_20, vaults_1, items_5, swamp_end, shoals_end,
          snake_end, spider_end, vaults_end, d_27, items_6, zot_1, zot_end,
          crypt_end, forest_end, elf_end, slime_end, tomb_end, abyss_end,
          pan_hell_end]

Skill      XL: |  1  2 |
---------------+-------+-----
Bows           | 2 3 |  3.3
Dodging        | 2 |  2.4
Fighting       | 2 |  2.1
Spellcasting   | |  1.0
Hexes          | |  3.0

Action                   || total
-------------------------++-------
Melee: Rapier            ||     2
 Fire: Shortbow          ||    29
 Cast: Corona            ||     2
  Use: Potion            ||     2
 Stab: Invisible         ||     1
Armor: Robe              ||    23
Dodge: Dodged            ||    11
